cohdb
Replays
Latest Replays
All Replays
Popular Replays
Top Player Replays
Match Explorer
How It Works
Community
CoH3 Stats
Reddit
Sign in to upload your games and track your stats! →
Sign in with Steam
Match 41306570
Unlisted
Match 41306570
Overview
Messages
Build Orders
End
Construct Infanterie Kompanie
Grenadier Squad
MG 42 Machine Gun Team
Grenadier Squad
Grenadier Squad
Medical Station
Selects Mechanized Battlegroup
Selects Mechanized Battlegroup
Selects Raid Package
Grenadier Squad
Infanterie Officer Quarters
Pioneer Squad
GrW 34 Mortar Team
Selects 8 Rad Armored Car
8 Rad Armored Car
Construct Panzergrenadier Kompanie
Pak 40 Anti-tank Gun Team
Construct Luftwaffe Kompanie
Sniper
Grenadier Squad
Grenadier Squad
chmod 777
InfectedCure
Bran
DrewP
0
0
Comments
sign in to comment!
No comments posted yet!